 Dungeon Crawl Stone Soup version 0.22.2-1-ge965b3a (webtiles) character file.

913 smallpebble the Chopper (level 8, 0/68 HPs)
             Began as a Hill Orc Fighter on Apr 8, 2019.
             Was a Believer of Wu Jian.
             Slain by an ogre
             ... wielding a +0 giant club
              (15 damage)
             ... on level 5 of the Dungeon.
             The game lasted 00:28:25 (5251 turns).

smallpebble the Chopper (Hill Orc Fighter)          Turns: 5251, Time: 00:28:25

Health: 0/68       AC: 20    Str: 20    XL:     8   Next: 9%
Magic:  8/8        EV:  7    Int:  8    God:    Wu Jian [**....]
Gold:   153        SH:  9    Dex: 11    Spells: 7/7 levels left

rFire    . . .     SeeInvis +   a - +0 war axe
rCold    . . .     Gourm    .   c - +0 shield
rNeg     . . .     Faith    .   w - +0 chain mail
rPois    .         Spirit   .   x - +1 helmet {SInv}
rElec    .         Reflect  .   i - +2 cloak
rCorr    .         Harm     .   (no gloves)
MR       .....                  (no boots)
Stlth    ..........             (no amulet)
HPRegen  0.21/turn              y - +5 ring of protection
MPRegen  0.11/turn              (no ring)

@: no status effects
A: no striking features
a: Wall Jump, Renounce Religion


You were on level 5 of the Dungeon.
You worshipped Wu Jian.
Wu Jian was pleased with you.
You were hungry.

You visited 1 branch of the dungeon, and saw 5 of its levels.

You collected 153 gold pieces.

Inventory:

Hand Weapons
 a - a +0 war axe (weapon)
 o - a +0 dagger of electrocution
 q - a +0 scythe
 t - a +0 hand axe
Armour
 b - a +0 scale mail
 c - a +0 shield (worn)
 i - a +2 cloak (worn)
 m - a +0 ring mail
 s - a +0 robe
 u - a +0 leather armour
 w - a +0 chain mail (worn)
 x - a +1 helmet of see invisible (worn)
 z - a +0 chain mail
Jewellery
 y - a +5 ring of protection (left hand)
Wands
 r - a wand of random effects (34)
Scrolls
 e - a scroll of fog {unknown}
 g - a scroll of amnesia {unknown}
 h - 4 scrolls of remove curse {unknown}
 j - 2 scrolls of enchant armour {unknown}
 k - a scroll of immolation {unknown}
 p - a scroll of blinking {unknown}
 B - a scroll of fear {unknown}
Potions
 d - 2 potions of ambrosia {unknown}
 l - a potion of agility
 n - a potion of lignification {unknown}
 v - a potion of berserk rage
 A - a potion of heal wounds {unknown}
Comestibles
 f - 4 rations
 C - a chunk of flesh


   Skills:
 + Level 5.1 Fighting
 * Level 6.1 Axes
 + Level 4.6 Armour
 - Level 4.7 Dodging
 + Level 4.5 Shields


You had 7 spell levels left.
You didn't know any spells.
Your spell library was empty.

Dungeon Overview and Level Annotations

Branches:
Dungeon (5/15)             Temple (0/1) D:4

Altars:
Dithmenos
Hepliaklqana
Qazlal
Trog
Vehumet
Wu Jian
Xom

Annotations:
D:5 1 runed door, Kairos's ghost, novice VSFi


Message History

The ogre hits you with a giant club!!
* * * LOW HITPOINT WARNING * * *
You hit the ogre.
The ogre is lightly wounded.
The ogre hits you with a giant club!
* * * LOW HITPOINT WARNING * * *
You hit the ogre.
The ogre is heavily wounded.
You block the ogre's attack.
You see here a jackal corpse.
Kairos's ghost turns its malevolent gaze towards you.
You are feeling hungry.
You have no room to wall jump there; the ogre is in the way.
You see here an arrow.
You open the door.
There is an open door here.
There is a stone staircase leading up here.
The ogre hits you with a giant club!
You die...

....##### #......#
#####..###.#########
....................
####...####.######
#...####.##
#.........#
###.##...##.#### ####
#....@...##....# #...
#.#...O..#####'####.##
#.#.....###...........
# #.###...'........###
#.# #####........###
#.. ######..#####..
### #......>#.# #.#
#.###...#.# #.#
#.#...# #.#


You could see an ogre.

Vanquished Creatures
  Sigmund (D:2)
  Duvessa (D:4)
  2 centaurs (D:5)
  Dowan (D:4)
  3 orc priests (D:4)
  An orc wizard (D:4)
  An iguana (D:5)
  3 worker ants
  Robin (D:4)
  A worker ant zombie (D:5)
  6 adders
  A gnoll (D:1)
  2 shadow imps (D:5)
  2 oozes
  A worm (D:3)
  9 orcs
  4 ball pythons
  3 giant cockroaches
  16 goblins
  9 hobgoblins
  14 jackals
  4 quokkas
  11 bats
  5 frilled lizards
  8 kobolds
  3 rats
113 creatures vanquished.

Notes
Turn   | Place    | Note
-------+----------+-------------------------------------------
     0 | D:1      | smallpebble the Hill Orc Fighter began the quest for the
                  | Orb.
     0 | D:1      | Reached XP level 1. HP: 19/19 MP: 1/1
   153 | D:1      | Reached skill level 1 in Dodging
   167 | D:1      | Reached XP level 2. HP: 20/26 MP: 2/2
   426 | D:1      | Reached XP level 3. HP: 10/31 MP: 3/3
  1341 | D:2      | Found an ornate altar of the Wu Jian Council.
  1341 | D:2      | Found a stormy altar of Qazlal.
  1359 | D:2      | Became a worshipper of the Wu Jian Council
  1411 | D:2      | Found a shadowy altar of Dithmenos.
  1501 | D:2      | Reached XP level 4. HP: 24/39 MP: 4/4
  1689 | D:2      | Found a shimmering altar of Xom.
  1771 | D:2      | Found a bloodstained altar of Trog.
  1828 | D:2      | Noticed Sigmund
  2032 | D:2      | Killed Sigmund
  2032 | D:2      | Reached XP level 5. HP: 20/45 MP: 5/5
  2032 | D:2      | Reached XP level 6. HP: 23/51 MP: 6/6
  2411 | D:2      | Found a radiant altar of Vehumet.
  2852 | D:3      | Reached skill level 3 in Axes
  2928 | D:3      | Reached * piety under Wu Jian
  3766 | D:4      | Found a hazy altar of Hepliaklqana.
  3843 | D:4      | Reached skill level 4 in Axes
  4049 | D:4      | Found a staircase to the Ecumenical Temple.
  4059 | D:4      | Reached XP level 7. HP: 52/59 MP: 7/7
  4166 | D:4      | Noticed Robin
  4198 | D:4      | Killed Robin
  4365 | D:4      | Noticed Dowan
  4366 | D:4      | Noticed Duvessa
  4384 | D:4      | Killed Duvessa
  4411 | D:4      | Killed Dowan
  4411 | D:4      | Reached ** piety under Wu Jian
  4411 | D:4      | Reached skill level 5 in Axes
  4412 | D:4      | HP: 3/60 [poisoned by Dowan]
  4864 | D:5      | Entered Level 5 of the Dungeon
  5020 | D:5      | Noticed Kairos's ghost (novice VSFi)
  5023 | D:5      | Found a runed door.
  5163 | D:5      | Reached skill level 5 in Fighting
  5163 | D:5      | Reached skill level 6 in Axes
  5163 | D:5      | Reached XP level 8. HP: 36/68 MP: 8/8
  5251 | D:5      | Slain by an ogre

Skill      XL: |  1  2  3  4  5  6  7 |
---------------+----------------------+-----
Dodging        | 1 2 4 |  4.7
Axes           | 4 6 |  6.1
Fighting       | 4 5 |  5.1
Armour         | 4 |  4.6
Shields        | 4 |  4.5

Action                   |  1- 3 |  4- 6 |  7- 9 || total
-------------------------+-------+-------+-------++-------
Melee: War axe           |   165 |   244 |   141 ||   550
Invok: Lunge             |     1 |    12 |     3 ||    16
       Whirlwind         |       |     1 |     3 ||     4
  Use: Scroll            |     1 |       |     3 ||     4
       Potion            |       |     3 |     2 ||     5
  Eat: Ration            |     1 |     3 |       ||     4
       Chunk             |       |       |     1 ||     1
Armor: Scale mail        |   103 |    94 |       ||   197
       Chain mail        |       |    57 |    72 ||   129
Dodge: Dodged            |    56 |    82 |    34 ||   172
Block: Shield            |   117 |   144 |    85 ||   346
